 Dungeon Crawl Stone Soup version 0.28.0-49-g6dfe1f597d (webtiles) character file.

Game seed: 5367082168616459132

41 dolphindude5238 the Skirmisher (level 3, 0/37 HPs)
             Began as an Ogre Gladiator on May 11, 2022.
             Slain by an adder (3 damage)
             ... on level 2 of the Dungeon.
             The game lasted 00:04:32 (1214 turns).

dolphindude5238 the Skirmisher (Ogre Gladiator)     Turns: 1214, Time: 00:04:33

Health: 0/37       AC:  3    Str: 18    XL:     3   Next: 52%
Magic:  3/3        EV: 10    Int:  9    God:
Gold:   67         SH:  0    Dex: 12    Spells: 2/2 levels left

rFire   . . .      SeeInvis .   a - +0 flail
rCold   . . .      Faith    .   (no shield)
rNeg    . . .      Spirit   .   b - +0 robe
rPois   .          Reflect  .   c - +0 hat
rElec   .          Harm     .   (no cloak)
rCorr   .          Rampage  .   (gloves unavailable)
Will    .....                   (boots unavailable)
Stlth   +.........              (no amulet)
HPRegen 0.12/turn               (no ring)
MPRegen 0.08/turn               (no ring)

@: lethally poisoned (0 -> -5)
A: large, unfitting armour, tough skin 1
a: no special abilities


You were on level 2 of the Dungeon.
You visited 1 branch of the dungeon, and saw 2 of its levels.

You collected 67 gold pieces.

Inventory:

Hand Weapons
 a - a +0 flail (weapon)
Missiles
 d - 3 throwing nets (quivered)
Armour
 b - a +0 robe (worn)
 c - a +0 hat (worn)
Scrolls
 g - a scroll of identify {unknown}
 h - a scroll of silence {unknown}
 i - a scroll of torment {unknown}
 j - a scroll of noise {unknown}
Potions
 e - 4 potions of haste {unknown}
 f - a potion of attraction {unknown}


   Skills:
 + Level 3.4 Fighting
 + Level 3.1 Maces & Flails
 + Level 2.6 Throwing
 + Level 3.0 Dodging


You had 2 spell levels left.
You didn't know any spells.
Your spell library was empty.

Dungeon Overview and Level Annotations

Branches:
Dungeon (2/15)

Altars:


Innate Abilities, Weirdness & Mutations

You are too large for most types of armour.
You have tough skin. (AC +1)


Message History

You are poisoned.
The adder poisons you!
You miss the adder.
You feel sick. The adder bites you but does no damage.
You closely miss the adder.
You feel sick. The adder barely misses you. The adder bites you.
You are more poisoned.
The adder poisons you!
You hit the adder but do no damage.
You feel sick. The adder bites you.
You are more poisoned.
The adder poisons you!
You sock the adder!
The adder is severely wounded.
You feel very sick. The adder barely misses you. The adder bites you.
You are more poisoned.
The adder poisons you!
You closely miss the adder.
The adder is heavily wounded.
You feel very sick. The adder bites you but does no damage.
The adder bites you.
You feel sick.
You closely miss the adder.
The adder is heavily wounded.
You feel sick. The adder bites you.
* * * LOW HITPOINT WARNING * * *
You hit the adder.
The adder is almost dead.
You feel sick. The adder barely misses you.
The adder bites you but does no damage.
You hit the adder.
The adder is almost dead.
You feel sick. The adder bites you.
* * * LOW HITPOINT WARNING * * *
You are lethally poisoned!
The adder poisons you!
You barely miss the adder.
The adder is almost dead.
* * * LOW HITPOINT WARNING * * *
You feel sick. The adder bites you.
You die...

#########
#........ #S# #@#
#.# #.# ###.#
#...# .
##########.####...
..
#................#
..
#.########.#####.#
.. #.# #.# #.# #.


You could see an adder.

Vanquished Creatures
  A worm (D:1)
  A dart slug (D:1)
  3 bats
  2 endoplasms
  A giant cockroach (D:2)
  5 goblins
  7 hobgoblins
  2 jackals (D:1)
  2 kobolds (D:2)
  A quokka (D:2)
  A ball python (D:2)
  2 frilled lizards
  2 rats
30 creatures vanquished.

Notes
Turn   | Place    | Note
-------+----------+-------------------------------------------
     0 | D:1      | dolphindude5238 the Ogre Gladiator began the quest for the
                  | Orb.
     0 | D:1      | Reached XP level 1. HP: 22/22 MP: 1/1
   141 | D:1      | Reached XP level 2. HP: 27/29 MP: 2/2
   493 | D:1      | Reached XP level 3. HP: 35/37 MP: 3/3
  1214 | D:2      | Slain by an adder

Illustrated notes

Levels and vault maps discovered:
D:1:      saegor_arrival_miasma, layout_loops_ring,
          hangedman_abyss_or_decor_stabs, nicolae_wormholes
D:2:      layout_loops_ring

Skill      XL: |  1  2  3 |
---------------+----------+-----
Fighting       | 3 |  3.4
Maces & Flails | 3 |  3.1
Dodging        | 3 |  3.0
Throwing       | |  2.6

Action                   || total
-------------------------++-------
Melee: Flail             ||   103
       Punch             ||     1
Armor: Robe              ||    24
Dodge: Dodged            ||    46
